 Dungeon Crawl Stone Soup version 0.23.1-37-gaa34b87 (webtiles) character file.

Game seed: 1507584565545871174

6792 vishdafish the Prestidigitator (level 11, -6/67 HPs)
             Began as an Octopode Fighter on Mar 22, 2019.
             Was an Initiate of Gozag.
             Mangled by a crocodile (11 damage)
             ... on level 9 of the Dungeon.
             The game lasted 00:14:32 (11662 turns).

vishdafish the Prestidigitator (Octopode Fighter)  Turns: 11662, Time: 00:14:33

Health: -6/67      AC:  1    Str: 17    XL:     11   Next: 5%
Magic:  36/36      EV: 18    Int: 13    God:    Gozag
Gold:   646        SH: 11    Dex: 15    Spells: 10/10 levels left

rFire    . . .     SeeInvis .     - Unarmed
rCold    . . .     Gourm    .   a - +0 shield
rNeg     . . .     Faith    .   (helmet restricted)
rPois    .         Spirit   .   (no amulet)
rElec    .         Reflect  .   m - ring of magical power
rCorr    .         Harm     .   w - ring of magical power
MR       +....     Rnd*Rage +   (no ring)
Stlth    ++........             (no ring)
HPRegen  0.21/turn              (no ring)
MPRegen  0.25/turn              (no ring)
                                (no ring)
                                (no ring)

@: no status effects
A: almost no armour, stealthy swim, amphibious, 8 rings, constrict 8, camouflage
1, agile 2, berserk 1, magic resistance 1, gelatinous body 1
a: Potion Petition, Call Merchant, Bribe Branch, Renounce Religion


You were on level 9 of the Dungeon.
You worshipped Gozag.
Gozag was pleased with you.
You were not hungry.

You visited 2 branches of the dungeon, and saw 11 of its levels.

You collected 1224 gold pieces.
You spent 75 gold pieces at shops.
You paid 503 gold pieces to Gozag.

Inventory:

Hand Weapons
 n - a +0 blowgun
Missiles
 f - 5 javelins
 o - 8 curare-tipped needles
 q - 15 tomahawks (quivered)
 u - 3 throwing nets
Armour
 a - a +0 shield (worn)
Jewellery
 m - a ring of magical power (left tentacle)
 w - a ring of magical power (right tentacle)
Wands
 s - a wand of polymorph (5)
 v - a wand of random effects (20)
 y - a wand of acid (2)
Scrolls
 d - a scroll of blinking
 e - 5 scrolls of remove curse
 h - a scroll of amnesia {unknown}
 j - 2 scrolls of immolation {unknown}
 k - 2 scrolls of teleportation
 r - 4 scrolls of random uselessness
 t - 2 scrolls of magic mapping {unknown}
 x - a scroll of vulnerability {unknown}
 B - a scroll of fog
 C - a scroll of identify
Potions
 b - a potion of might
 g - 4 potions of brilliance
 i - a potion of mutation
 l - a potion of agility
 p - a potion of lignification {unknown}
 z - a potion of haste {unknown}
 A - a potion of curing
Comestibles
 c - 9 rations


   Skills:
 - Level 3.0 Fighting
 - Level 8.9 Dodging
 * Level 7.7 Shields
 - Level 8.5 Unarmed Combat
 - Level 10.1 Evocations


You had 10 spell levels left.
You didn't know any spells.
Your spell library contained the following spells:

 Spells                   Type           Power        Failure   Level  Hunger
 Animate Skeleton         Necr           N/A          61%         1    ##.....
 Apportation              Tloc           #.....       61%         1    ##.....
 Confusing Touch          Hex            #.....       61%         1    ##.....
 Summon Small Mammal      Summ           #...         61%         1    ##.....


Dungeon Overview and Level Annotations

Branches:
Dungeon (10/15)            Temple (1/1) D:5
   Lair: D:8-11         Orc: D:9-12

Altars:
Ashenzari
Gozag
Kikubaaqudgha
Makhleb
Ru
Sif Muna
Trog
Uskayaw
Vehumet
Xom
Yredelemnul
Zin

Shops:
D:9 *

Annotations:
D:5 2 transporters, Irenicus's ghost, amateur DDGl
D:7 2 transporters, unhold's ghost, novice MiBe


Innate Abilities, Weirdness & Mutations

You cannot wear most types of armour.
You are very stealthy in the water. (Stealth+)
You are amphibious.
You can wear up to eight rings at the same time.
You can use your tentacles to constrict eight enemies at once.
Your skin changes colour to match your surroundings (Stealth+).
Your rubbery body absorbs attacks. (AC +1, EV +1)
You are very agile. (Dex +4)
You tend to lose your temper in combat.
You are resistant to hostile enchantments. (MR+)


Message History

You see here 2 arrows.
You block the crocodile's attack.
The centaur shoots an arrow.
The arrow hits you!
* * * LOW HITPOINT WARNING * * *
You climb upwards.
There is a stone staircase leading down here.
Evoke which item? (* to show all) (? for menu, Esc to quit)
Aiming: Corrosive Bolt
Press: ? - help, Shift-Dir - straight line, f - crocodile
Aim: a crocodile The bolt of acid hits the crocodile!!
The crocodile is splashed with acid.
The acid corrodes the crocodile!
The crocodile is almost dead.
The crocodile bites you!
* * * LOW HITPOINT WARNING * * *
You closely miss the crocodile.
The crocodile is almost dead.
The crocodile bites you!
You die...
Your body crumbles into a pile of gold.

#...........# #.
####'######## ## #.#
# #.#### # #....#
########'### ##
#..........# #.
#..........# #.
#..@t......# #.
#∩.........########.
#..........'......#.
#..<.......######.'.
#.....[....# ###.
#..........# #.
############ ##


You could see a crocodile.

Vanquished Creatures
  Harold (D:7)
  Pikel (D:5)
  4 hippogriffs
  A steam dragon (D:7)
  4 vampire mosquitoes (D:10)
  Menkaure (D:5)
  2 water moccasins
  2 sky beasts
  A porcupine (D:10)
  An orc warrior (D:9)
  3 ice beasts
  4 black bears
  An ogre (D:10)
  4 centaurs
  Blork the orc (D:6)
  A big kobold (D:9)
  4 bullfrogs
  A gnoll sergeant (D:5)
  3 scorpions
  4 killer bees (D:8)
  4 wights
  2 howler monkeys (D:8)
  3 crimson imps
  2 jellies
  A bullfrog zombie (D:8)
  2 centaur zombies
  A quasit (D:9)
  9 orc priests
  6 hounds
  2 bullfrog skeletons
  6 orc wizards
  Jessica (D:2)
  4 iguanas
  7 worker ants
  3 gnolls (D:3)
  11 adders
  2 shadow imps
  An adder skeleton (D:5)
  7 worms
  2 dart slugs
  6 leopard geckos
  33 orcs
  3 ball pythons
  3 giant cockroaches
  7 goblins
  9 hobgoblins
  12 jackals
  2 quokkas
  7 bats
  6 frilled lizards
  10 kobolds
  8 rats
226 creatures vanquished.

Vanquished Creatures (others)
  A slave (D:6)
  A wyvern skeleton (D:6)
  A hound zombie (D:6)
3 creatures vanquished.

Grand Total: 229 creatures vanquished

Notes
Turn   | Place    | Note
-------+----------+-------------------------------------------
     0 | D:1      | vishdafish the Octopode Fighter began the quest for the
                  | Orb.
     0 | D:1      | Reached XP level 1. HP: 16/16 MP: 1/1
    66 | D:1      | Reached XP level 2. HP: 16/21 MP: 2/2
   676 | D:1      | Reached XP level 3. HP: 22/26 MP: 3/3
  1226 | D:2      | Reached XP level 4. HP: 25/31 MP: 4/4
  1753 | D:2      | Noticed Jessica
  1765 | D:2      | Killed Jessica
  1876 | D:3      | Reached XP level 5. HP: 24/36 MP: 5/5
  2871 | D:3      | Reached skill level 5 in Dodging
  2873 | D:3      | Reached XP level 6. HP: 20/42 MP: 6/6
  3478 | D:4      | Reached skill level 5 in Unarmed Combat
  3754 | D:4      | Found a burning altar of Makhleb.
  3754 | D:4      | Noticed an Executioner
  3817 | D:4      | Found a radiant altar of Vehumet.
  4044 | D:4      | Noticed a black bear
  4049 | D:4      | Killed a black bear
  4049 | D:4      | Reached XP level 7. HP: 46/46 MP: 7/7
  4303 | D:5      | Entered Level 5 of the Dungeon
  4303 | D:5      | Noticed Menkaure
  4310 | D:5      | Killed Menkaure
  4325 | D:5      | Found a staircase to the Ecumenical Temple.
  4336 | Temple   | Entered the Ecumenical Temple
  4356 | Temple   | Became a worshipper of Gozag Ym Sagoz the Greedy
  4563 | D:5      | Noticed a hungry ghost
  4695 | D:5      | Reached XP level 8. HP: 31/52 MP: 8/8
  4885 | D:5      | Found a transporter.
  4913 | D:5      | Gained mutation: You are agile. (Dex +2) [potion of
                  | mutation]
  4913 | D:5      | Gained mutation: You are resistant to hostile enchantments.
                  | (MR+) [potion of mutation]
  4913 | D:5      | Gained mutation: You tend to lose your temper in combat.
                  | [potion of mutation]
  4913 | D:5      | Gained mutation: You are very agile. (Dex +4) [potion of
                  | mutation]
  5275 | D:5      | Found a transporter.
  5275 | D:5      | Noticed Irenicus's ghost (amateur DDGl)
  5450 | D:5      | HP: 2/52 [worm (9)]
  5751 | D:6      | Noticed Pikel
  5751 | D:6      | Noticed Blork the orc
  5771 | D:5      | Killed Pikel
  5771 | D:5      | Reached XP level 9. HP: 5/56 MP: 9/9
  6224 | D:6      | Killed Blork the orc
  6446 | D:6      | You fall through a shaft for 2 floors!
  6456 | D:8      | Reached skill level 1 in Evocations
  6471 | D:8      | Reached skill level 2 in Evocations
  6615 | D:6      | Reached skill level 3 in Evocations
  6617 | D:6      | Found an ancient bone altar of Kikubaaqudgha.
  6623 | D:6      | HP: 2/56 [orc priest/divine providence (13)]
  6637 | D:7      | Reached skill level 4 in Evocations
  6808 | D:7      | Noticed Harold
  6819 | D:6      | Found a bloodstained altar of Trog.
  6819 | D:6      | Found a shimmering altar of Xom.
  6967 | D:6      | Reached skill level 5 in Evocations
  7176 | D:6      | Found a sacrificial altar of Ru.
  7176 | D:6      | Found a radiant altar of Vehumet.
  7176 | D:6      | Found a sacrificial altar of Ru.
  7296 | D:7      | Killed Harold
  7296 | D:7      | Reached skill level 7 in Evocations
  7296 | D:7      | Reached XP level 10. HP: 47/63 MP: 15/15
  7305 | D:7      | Reached skill level 8 in Evocations
  7576 | D:7      | Noticed a moth of wrath
  7577 | D:7      | Noticed unhold's ghost (novice MiBe)
  7578 | D:7      | Found a bloodstained altar of Trog.
  7583 | D:7      | Found a transporter.
  7591 | D:7      | Found a transporter.
  8314 | D:8      | Reached skill level 9 in Evocations
  8443 | D:8      | Noticed a two-headed ogre
  9244 | D:8      | Reached skill level 10 in Evocations
 10062 | D:9      | Found Willin Suuh's General Store.
 10075 | D:9      | Bought a potion of curing for 45 gold pieces
 10075 | D:9      | Bought a scroll of fog for 30 gold pieces
 10172 | D:9      | Reached skill level 5 in Shields
 11009 | D:10     | Entered Level 10 of the Dungeon
 11369 | D:10     | Reached XP level 11. HP: 12/67 MP: 18/18
 11662 | D:9      | Mangled by a crocodile

Skill      XL: |  1  2  3  4  5  6  7  8  9 10 |
---------------+-------------------------------+-----
Unarmed Combat | 3 4 5 6 8 |  8.5
Dodging        | 4 5 6 7 8 |  8.9
Evocations     | 7 10 | 10.1
Shields        | 7 |  7.7
Fighting       | |  3.0

Action                   |  1- 3 |  4- 6 |  7- 9 | 10-12 || total
-------------------------+-------+-------+-------+-------++-------
Melee: Unarmed           |    85 |   142 |   179 |   220 ||   626
       Constrict         |    27 |    46 |    44 |    42 ||   159
       Tentacles         |    24 |    33 |    53 |    55 ||   165
       Punch             |     2 |     7 |    10 |    19 ||    38
Throw: Tomahawk          |       |     2 |       |     3 ||     5
Invok: Potion Petition   |       |       |     1 |     1 ||     2
Evoke: Wand              |       |       |     4 |    11 ||    15
  Use: Scroll            |     3 |     1 |     4 |     4 ||    12
       Potion            |       |     1 |     5 |     4 ||    10
 Stab: Sleeping          |    10 |     2 |     5 |     2 ||    19
       Invisible         |       |       |     2 |       ||     2
       Distracted        |       |       |     1 |     2 ||     3
  Eat: Chunk             |       |     7 |     1 |       ||     8
       Ration            |       |     1 |     2 |     5 ||     8
Armor: Skin              |     9 |     3 |     3 |     1 ||    16
Dodge: Dodged            |    41 |    40 |    82 |   158 ||   321
Block: Shield            |    30 |    68 |    68 |   140 ||   306
